[Event "Titled Tuesday Blitz March 21 Late 2023"]
[White "Torres Dominguez, David"]
[Black "Duda, Jan-Krzysztof"]
[WhiteFideId "2220857"]
[BlackFideId "1170546"]
[WhiteElo "1999"]
[BlackElo "2790"]
[Result "0-1"]
[Round "06"]
[TimeControl "180+2"]
[Date "2023.03.21"]
[WhiteClock "0:00:02"]
[BlackClock "0:00:56"]

1. e4 a6 2. d4 b5 3. Bd3 Bb7 4. Nf3 e6 5. Qe2 Nf6 6. Nbd2 c5 7. c3 d5 8. e5 Nfd7 9. O-O Be7 10. Re1 Nc6 11. a3 Qb6 12. dxc5 Nxc5 13. Bc2 a5 14. Rb1 a4 15. Nf1 Na5 16. Ng3 h5 17. h4 Nc4 18. Nd4 g6 19. Nf3 Rd8 20. Bg5 Bxg5 21. Nxg5 d4 22. cxd4 Rxd4 23. N5e4 Nxe4 24. Nxe4 Bxe4 25. Bxe4 Nxe5 26. Rbc1 O-O 27. Qc2 Rfd8 28. Rcd1 Rc4 29. Rxd8+ Qxd8 30. Qe2 Qxh4 31. g3 Qxe4 32. Qxe4 Rxe4 33. Rxe4 Nc4 34. Re2 Kf8 35. Kg2 Ke7 36. f4 Kd6 37. Kf3 Kd5 38. Re1 Kc5 39. Re2 Kd4 40. g4 Kd3 41. Rh2 e5 42. fxe5 Nxe5+ 43. Kf4 Nxg4 44. Rh3+ Kc2 45. Rc3+ Kxb2 46. Rc5 Kxa3 47. Rxb5 Ka2 48. Kg5 Nf2 0-1


[Site "https://www.chess.com"]

[Event "Titled Tuesday Blitz March 21 Late 2023"]
[White "Gontcharov, Vladislav"]
[Black "Sarana, Alexey"]
[WhiteFideId "4123492"]
[BlackFideId "24133795"]
[WhiteElo "2470"]
[BlackElo "2714"]
[Result "0-1"]
[Round "06"]
[TimeControl "180+2"]
[Date "2023.03.21"]
[WhiteClock "0:00:11"]
[BlackClock "0:01:22"]

1. d4 Nf6 2. c4 e6 3. Nc3 d5 4. Bg5 c5 5. cxd5 cxd4 6. Qa4+ Qd7 7. Qxd4 Nc6 8. Qd1 Nxd5 9. Nxd5 exd5 10. Nf3 Bc5 11. g3 O-O 12. Bg2 d4 13. O-O Re8 14. Rc1 Bb6 15. a3 Qf5 16. b4 Be6 17. Qd2 a6 18. h4 Bd5 19. Kh2 h6 20. Bf4 Rad8 21. Rfe1 Be4 22. a4 Qd5 23. a5 Ba7 24. Bc7 Rd7 25. Bb6 Bb8 26. Rc5 Qd6 27. Ng1 Rde7 28. Bxe4 Rxe4 29. Kg2 d3 30. b5 axb5 31. Rxb5 Ne5 32. e3 Rc4 33. Rb2 Qc6+ 34. Kh2 Ng4+ 35. Kh3 Qh1# 0-1


[Site "https://www.chess.com"]

[Event "Titled Tuesday Blitz March 21 Late 2023"]
[White "Deac, Bogdan-Daniel"]
[Black "Kurtz, Eric M"]
[WhiteFideId "1226380"]
[BlackFideId "30939763"]
[WhiteElo "2649"]
[BlackElo "2627"]
[Result "1-0"]
[Round "06"]
[TimeControl "180+2"]
[Date "2023.03.21"]
[WhiteClock "0:00:13"]
[BlackClock "0:00:23"]

1. h3 d5 2. c4 e6 3. e3 Nf6 4. b3 Be7 5. Bb2 O-O 6. g4 b6 7. Bg2 Bb7 8. Ne2 c5 9. O-O Nc6 10. Ng3 dxc4 11. bxc4 Qc7 12. d3 Rfd8 13. Qe2 Nb4 14. Bxb7 Qxb7 15. Rd1 Rd7 16. a3 Nc6 17. Nd2 Rad8 18. Nf3 Na5 19. Ne5 Rc7 20. g5 Nd7 21. Nh5 Bf8 22. Ng4 Re8 23. f4 Nc6 24. Rf1 e5 25. fxe5 Ncxe5 26. Bxe5 Rxe5 27. Nxe5 Nxe5 28. Nf4 Rc6 29. Qg2 Qc8 30. Rad1 Rd6 31. h4 Qd7 32. Nd5 Kh8 33. e4 h6 34. Rf5 Re6 35. Rdf1 Kg8 36. gxh6 Rg6 37. Rg5 Qe6 38. hxg7 Bxg7 39. h5 Rxg5 40. Qxg5 Kh7 41. Nf6+ Bxf6 42. Rxf6 1-0


[Site "https://www.chess.com"]

[Event "Titled Tuesday Blitz March 21 Late 2023"]
[White "Mustafayev, Farid"]
[Black "Makhnev, Denis"]
[WhiteFideId "13408771"]
[BlackFideId "13707647"]
[WhiteElo "2269"]
[BlackElo "2525"]
[Result "1-0"]
[Round "06"]
[TimeControl "180+2"]
[Date "2023.03.21"]
[WhiteClock "0:00:57"]
[BlackClock "0:00:29"]

1. Nf3 d5 2. g3 Nd7 3. Bg2 e5 4. d3 c6 5. O-O Ngf6 6. Nbd2 Bd6 7. c4 O-O 8. cxd5 cxd5 9. e4 d4 10. Nc4 Bc7 11. a4 Re8 12. b3 Nf8 13. a5 Rb8 14. Ba3 Ng6 15. Bc5 b6 16. axb6 axb6 17. Bb4 h6 18. Ra7 Be6 19. Qc2 Rc8 20. Qa2 b5 21. Na5 Bb6 22. Ra6 Ra8 23. Nc6 Qc8 24. Rxa8 Qxa8 25. Qxa8 Rxa8 26. Nfxe5 Nxe5 27. Nxe5 Bxb3 28. Rb1 Bc2 29. Rb2 Ra1+ 30. Bf1 Ba4 31. Kg2 g5 32. Be2 h5 33. Be7 Ba5 34. Bxf6 Bc3 35. Rxb5 Bxb5 36. Bxh5 Be8 37. Bxg5 Ra2 38. Ng4 Bb5 39. Ne5 Be1 40. Bxf7+ Kg7 41. Bxa2 1-0


[Site "https://www.chess.com"]

[Event "Titled Tuesday Blitz March 21 Late 2023"]
[White "Terry, Renato"]
[Black "benny_aizenberg"]
[WhiteFideId "3803457"]
[WhiteElo "2579"]
[BlackElo "2619"]
[Result "1-0"]
[Round "06"]
[TimeControl "180+2"]
[Date "2023.03.21"]
[WhiteClock "0:02:52"]
[BlackClock "0:02:41"]

1. e4 c5 2. Nf3 e6 3. Nc3 Nc6 4. Bb5 Nd4 5. O-O a6 6. Bd3 Nc6 7. e5 d5 8. exd6 Bxd6 9. Be4 Bd7 10. d4 cxd4 11. Nxd4 Bxh2+ 12. Kxh2 Qh4+ 13. Kg1 Qxe4 14. Nxe4 1-0


[Site "https://www.chess.com"]

[Event "Titled Tuesday Blitz March 21 Late 2023"]
[White "Lamard, Guillaume"]
[Black "Narayanan.S.L"]
[WhiteFideId "600261"]
[BlackFideId "5058422"]
[WhiteElo "2413"]
[BlackElo "2547"]
[Result "1-0"]
[Round "06"]
[TimeControl "180+2"]
[Date "2023.03.21"]
[WhiteClock "0:01:50"]
[BlackClock "0:02:03"]

1. d4 g6 2. e4 Bg7 3. c3 d5 4. e5 c5 5. Nf3 Nc6 6. Bb5 Bg4 7. Nbd2 e6 8. h3 Bxf3 9. Nxf3 cxd4 10. Bxc6+ bxc6 11. cxd4 Ne7 12. O-O O-O 13. b3 Nf5 14. Ba3 Re8 15. Qd2 a5 16. Bc5 h5 17. g3 Bf8 18. Bxf8 Rxf8 19. Rfc1 Qb6 20. g4 hxg4 21. hxg4 Ne7 22. Qg5 Ra7 23. Kg2 1-0


[Site "https://www.chess.com"]

[Event "Titled Tuesday Blitz March 21 Late 2023"]
[White "Drygalov, Sergey"]
[Black "Sivakumar, Shaaketh"]
[WhiteFideId "24171743"]
[BlackFideId "30940176"]
[WhiteElo "2533"]
[BlackElo "2174"]
[Result "1/2-1/2"]
[Round "06"]
[TimeControl "180+2"]
[Date "2023.03.21"]
[WhiteClock "0:00:14"]
[BlackClock "0:00:21"]

1. d4 e6 2. c4 b6 3. f3 Bb7 4. e4 f5 5. exf5 Nh6 6. fxe6 Nf5 7. Ne2 Bd6 8. h4 dxe6 9. Bg5 Qd7 10. Nbc3 O-O 11. Qd2 Nc6 12. O-O-O Ba6 13. g4 Ng3 14. Nxg3 Bxg3 15. Ne4 Bd6 16. Be2 Nb4 17. Kb1 Qa4 18. a3 Nc6 19. Qc2 Qxc2+ 20. Kxc2 Bf4 21. b4 Bb7 22. b5 Na5 23. Be7 Rf7 24. Bb4 Rd8 25. Bc3 c6 26. Bxa5 bxa5 27. Nc5 cxb5 28. Nxe6 Rc8 29. Nxf4 Rxf4 30. c5 Bxf3 31. Rhf1 Be4+ 32. Kc3 Rxf1 33. Rxf1 Bc6 34. Rf5 Re8 35. Re5 Rxe5 36. dxe5 Kf7 37. Kd4 b4 38. Bc4+ Ke7 39. Bd3 bxa3 40. Kc3 h5 41. gxh5 Bd5 42. Bf5 Kd8 43. Bg4 Kc7 44. e6 Kc6 45. e7 Bf7 46. Be6 Be8 47. Kd4 a4 48. Bd5+ Kd7 49. Kc3 Kxe7 50. Kb4 Bf7 51. Bxf7 Kxf7 52. Kxa3 Ke7 53. Kxa4 Kd7 54. Kb5 Kc7 55. Kb4 Kc6 56. Kc4 a5 57. Kd4 a4 58. Kc4 a3 59. Kb3 Kxc5 60. Kxa3 Kd4 61. Kb3 Ke4 62. Kc3 Kf4 63. Kd3 Kg4 64. h6 gxh6 65. Ke2 Kxh4 66. Kf2 Kh3 67. Kg1 Kg3 68. Kh1 h5 69. Kg1 h4 70. Kh1 h3 71. Kg1 h2+ 72. Kh1 Kh3 1/2-1/2


[Site "https://www.chess.com"]

[Event "Titled Tuesday Blitz March 21 Late 2023"]
[White "Melikyan, Gnel"]
[Black "Costachi, Mihnea"]
[WhiteFideId "54109990"]
[BlackFideId "1217518"]
[WhiteElo "2138"]
[BlackElo "2456"]
[Result "1-0"]
[Round "06"]
[TimeControl "180+2"]
[Date "2023.03.21"]
[WhiteClock "0:00:16"]
[BlackClock "0:00:44"]

1. e4 e5 2. Nf3 Nc6 3. d4 exd4 4. Nxd4 Nf6 5. Nxc6 bxc6 6. e5 Qe7 7. Qe2 Nd5 8. c4 Nb6 9. Nc3 a5 10. Qe4 Ba6 11. Bd3 g6 12. O-O Bg7 13. Bf4 O-O 14. Rad1 Rae8 15. Rfe1 Qc5 16. b3 d6 17. Be3 Qxe5 18. Qxe5 Bxe5 19. Ne4 f5 20. Ng5 c5 21. Be2 Bc3 22. Bd2 Bxd2 23. Rxd2 Bb7 24. Kf1 Re7 25. Bf3 Rxe1+ 26. Kxe1 Bxf3 27. Nxf3 a4 28. Rb2 axb3 29. axb3 h6 30. Nd2 Kf7 31. b4 cxb4 32. Rxb4 Ra8 33. Rb5 Ra2 34. c5 Na4 35. cxd6 Ra1+ 36. Nb1 cxd6 37. Kd2 Ke6 38. Rb4 Ra2+ 39. Ke3 g5 40. g3 h5 41. h4 g4 42. Nd2 Nc3 43. Rd4 Nd5+ 44. Ke2 Ke5 45. Rd3 Nf6 46. Ke3 d5 47. Nb1 d4+ 48. Rxd4 Nd5+ 49. Rxd5+ Ke6 50. Nc3 Ra3 51. Rc5 Kd6 52. Rc4 Ke5 53. Kd3 Ra1 54. Rf4 Ra3 55. Kc2 Ra7 56. Nd1 Rc7+ 57. Kd2 Rd7+ 58. Ke2 Rf7 59. Ne3 Rf8 60. Kf1 Rf7 61. Kg2 Rf8 62. Ra4 Ke6 63. Ra6+ Ke5 64. Rh6 Ke4 65. Rxh5 f4 66. Nxg4 f3+ 67. Kh2 Ra8 68. Re5+ Kd4 69. Re3 Ra3 70. Rxa3 1-0


[Site "https://www.chess.com"]

[Event "Titled Tuesday Blitz March 21 Late 2023"]
[White "Yeletsky, Ivan"]
[Black "Ambartsumova, Karina"]
[WhiteFideId "24180327"]
[BlackFideId "4166299"]
[WhiteElo "2414"]
[BlackElo "2300"]
[Result "1-0"]
[Round "06"]
[TimeControl "180+2"]
[Date "2023.03.21"]
[WhiteClock "0:01:10"]
[BlackClock "0:00:02"]

1. e4 c5 2. Nf3 e6 3. g3 Nc6 4. Bg2 Qc7 5. Nc3 Nf6 6. O-O Be7 7. d4 cxd4 8. Nb5 Qb8 9. Nfxd4 a6 10. Nc3 h5 11. h3 Bc5 12. Be3 Be7 13. Na4 Ne5 14. Nb6 Ra7 15. Nxe6 dxe6 16. Nxc8 b6 17. Nxa7 Qxa7 18. Qd4 Nfd7 19. Rad1 Qc7 20. b3 h4 21. g4 Bc5 22. Qc3 Nxg4 23. hxg4 h3 24. Bf3 Ne5 25. Bxc5 bxc5 26. Kh1 h2 27. Be2 1-0


[Site "https://www.chess.com"]

[Event "Titled Tuesday Blitz March 21 Late 2023"]
[White "Gharibyan, Mamikon"]
[Black "Sokac, Marko"]
[WhiteFideId "13308300"]
[BlackFideId "14531356"]
[WhiteElo "2445"]
[BlackElo "2355"]
[Result "1-0"]
[Round "06"]
[TimeControl "180+2"]
[Date "2023.03.21"]
[WhiteClock "0:01:30"]
[BlackClock "0:00:32"]

1. e4 d6 2. g3 Nf6 3. Nc3 e5 4. Bg2 c6 5. Nf3 Be7 6. d4 Nbd7 7. h3 b5 8. a3 Bb7 9. Be3 Qc7 10. Qe2 a5 11. O-O O-O 12. dxe5 dxe5 13. Nh4 Rfe8 14. Nf5 Bf8 15. Rfd1 Rad8 16. g4 Nc5 17. g5 Nfd7 18. h4 Ne6 19. Qg4 Kh8 20. Ne2 Nb6 21. b3 c5 22. h5 g6 23. Nh4 Bc8 24. Qg3 gxh5 25. Nf5 Ng7 26. Nh6 Be6 27. Bh3 Bxh3 28. Qxh3 Nc8 29. Nc3 Qb7 30. Nd5 Nd6 31. Nf6 Re7 32. Bxc5 Nxe4 33. Rxd8 Nxg5 34. Rxf8# 1-0


[Site "https://www.chess.com"]

[Event "Titled Tuesday Blitz March 21 Late 2023"]
[White "Ozen, Bahadir"]
[Black "Ismagilov, Damir"]
[WhiteFideId "6337058"]
[BlackFideId "34199982"]
[WhiteElo "2503"]
[BlackElo "2078"]
[Result "1/2-1/2"]
[Round "06"]
[TimeControl "180+2"]
[Date "2023.03.21"]
[WhiteClock "0:00:04"]
[BlackClock "0:00:09"]

1. d4 Nf6 2. Nf3 e6 3. c4 c5 4. e3 cxd4 5. exd4 d5 6. Nc3 Bb4 7. Bd3 dxc4 8. Bxc4 O-O 9. O-O b6 10. Bg5 Bb7 11. Ne5 Nbd7 12. Nxd7 Qxd7 13. Bxf6 gxf6 14. d5 Bxc3 15. Qg4+ Kh8 16. bxc3 Qc7 17. Qh4 Rg8 18. Qxf6+ Rg7 19. Bb3 Qd8 20. Qxd8+ Rxd8 21. c4 exd5 22. cxd5 Bxd5 23. Rfd1 Rxg2+ 24. Kf1 Rg5 25. Rxd5 Rgxd5 26. Bxd5 Rxd5 27. Re1 Rd2 28. a3 Rd3 29. Re7 Rxa3 30. Rxf7 b5 31. Rb7 a6 32. h4 Ra4 33. h5 h6 34. Ke2 b4 35. Kd3 a5 36. Kc4 Ra3 37. f4 Rf3 38. Kb5 Ra3 39. Kc4 Kg8 40. f5 Rf3 41. Rb5 a4 42. Kxb4 a3 43. Ra5 Kg7 44. Rxa3 Rxf5 45. Rh3 Rd5 46. Kc4 Rd8 47. Rg3+ Kf7 48. Rg6 Rg8 49. Rxh6 Rg5 50. Kd4 Kg7 51. Rg6+ Rxg6 52. hxg6 Kf6 53. g7 Kf7 54. g8=N 1/2-1/2


[Site "https://www.chess.com"]

[Event "Titled Tuesday Blitz March 21 Late 2023"]
[White "Idani, Pouya"]
[Black "Papp, Levente"]
[WhiteFideId "12510130"]
[BlackFideId "751243"]
[WhiteElo "2574"]
[BlackElo "2380"]
[Result "0-1"]
[Round "06"]
[TimeControl "180+2"]
[Date "2023.03.21"]
[WhiteClock "0:00:47"]
[BlackClock "0:01:25"]

1. e4 e6 2. d4 d5 3. Nc3 Bb4 4. e5 Ne7 5. a3 Bxc3+ 6. bxc3 b6 7. Qg4 Ng6 8. h4 h5 9. Qg3 Ba6 10. Bxa6 Nxa6 11. Nf3 Nb8 12. Ng5 Qd7 13. a4 Ne7 14. Qf3 Nf5 15. g4 hxg4 16. Qxg4 c5 17. h5 Nc6 18. Nf3 cxd4 19. cxd4 Nb4 20. O-O Rc8 21. Bg5 Nxc2 22. Rad1 Rc4 23. Kg2 Qxa4 24. h6 gxh6 25. Bf6 Nce3+ 0-1


[Site "https://www.chess.com"]

[Event "Titled Tuesday Blitz March 21 Late 2023"]
[White "Marjanovic, Annamaria"]
[Black "Averjanov, Alexey"]
[WhiteFideId "750930"]
[BlackFideId "14109867"]
[WhiteElo "2212"]
[BlackElo "2798"]
[Result "0-1"]
[Round "06"]
[TimeControl "180+2"]
[Date "2023.03.21"]
[WhiteClock "0:00:08"]
[BlackClock "0:00:07"]

1. c4 c5 2. g3 Nc6 3. Bg2 g6 4. Nc3 Bg7 5. a3 e6 6. Rb1 a5 7. Nf3 Nge7 8. O-O O-O 9. b3 b6 10. Bb2 Bb7 11. Nb5 Bxb2 12. Rxb2 d5 13. d4 cxd4 14. Nfxd4 Nxd4 15. Nxd4 Rc8 16. Rd2 Qc7 17. Nb5 Qb8 18. cxd5 Bxd5 19. e4 Bc6 20. Nd6 Rcd8 21. e5 Bxg2 22. Kxg2 Nf5 23. Re1 Kg7 24. Nxf5+ exf5 25. e6 Qb7+ 26. Kg1 Rxd2 27. Qxd2 Re8 28. Qd4+ Kh6 29. Qf6 Rxe6 30. Rxe6 fxe6 31. Qxe6 Kg7 32. Qe5+ Kf7 33. Qh8 Ke6 34. Qg8+ Ke5 35. Qe8+ Kd6 36. Qd8+ Kc5 37. Qf8+ Kd4 38. Qf6+ Kd3 39. Qb2 Qf3 40. Qb1+ Kc3 41. b4 a4 42. b5 Qe4 43. Qc1+ Kb3 44. Qa1 Qc2 45. Qd4 Kxa3 46. Qxb6 Kb3 47. Qe6+ Qc4 48. Qxc4+ Kxc4 49. b6 a3 50. b7 a2 51. b8=Q a1=Q+ 52. Kg2 Qg7 53. Qc8+ Kd5 54. Qd8+ Ke6 55. Qd3 Qb7+ 56. Kg1 Qd5 57. Qe3+ Qe5 58. Qb6+ Kf7 59. Qb3+ Kg7 60. Qb7+ Kh6 61. h4 Qe1+ 62. Kg2 Qe4+ 63. Qxe4 fxe4 64. g4 g5 65. h5 Kg7 66. Kf1 Kf6 67. Ke2 Ke5 68. Ke3 h6 69. f3 exf3 70. Kxf3 Kd4 71. Kg3 Ke3 72. Kh3 Kf3 0-1


[Site "https://www.chess.com"]

[Event "Titled Tuesday Blitz March 21 Late 2023"]
[White "MKlose11"]
[Black "Postny, Evgeny"]
[BlackFideId "2804344"]
[WhiteElo "2584"]
[BlackElo "2509"]
[Result "0-1"]
[Round "06"]
[TimeControl "180+2"]
[Date "2023.03.21"]
[WhiteClock "0:00:34"]
[BlackClock "0:02:13"]

1. e4 c5 2. Nc3 g6 3. g3 Bg7 4. d3 Nc6 5. Be3 d6 6. Qd2 Nd4 7. Nd1 Nf6 8. c3 Nc6 9. h3 d5 10. Bg2 dxe4 11. dxe4 Qxd2+ 12. Bxd2 Nd7 13. Ne3 b6 14. f4 Ba6 15. e5 Rc8 16. Nf3 f6 17. exf6 exf6 18. f5 Nde5 19. Nxe5 Nxe5 20. O-O-O Nd3+ 21. Kc2 Nf2 22. Rde1 Nxh1 23. Nc4+ Kf8 24. Nd6 Rd8 25. Nb7 Bxb7 26. Bxb7 Nxg3 27. fxg6 hxg6 28. Bf4 Nf5 0-1


[Site "https://www.chess.com"]

[Event "Titled Tuesday Blitz March 21 Late 2023"]
[White "Medina Paz, Miguel"]
[Black "Mahdavi, Reza"]
[WhiteFideId "7300379"]
[BlackFideId "12595926"]
[WhiteElo "2428"]
[BlackElo "2208"]
[Result "1-0"]
[Round "06"]
[TimeControl "180+2"]
[Date "2023.03.21"]
[WhiteClock "0:01:01"]
[BlackClock "0:00:25"]

1. d4 Nf6 2. c4 g6 3. Nc3 d6 4. e4 Bg7 5. Nf3 O-O 6. Be2 Nbd7 7. O-O e5 8. d5 Nc5 9. Qc2 a5 10. Bg5 h6 11. Be3 Nfd7 12. Nd2 f5 13. f3 f4 14. Bf2 g5 15. b3 b6 16. a3 Nf6 17. b4 Ncd7 18. bxa5 Rxa5 19. Nb3 Ra8 20. a4 Qe8 21. Nb5 Qd8 22. a5 Ba6 23. axb6 Nxb6 24. c5 Nbd7 25. c6 Nb6 26. Nxc7 Bxe2 27. Ne6 Rxa1 28. Rxa1 Qb8 29. Nxf8 Nbxd5 30. c7 Nxc7 31. Ng6 Bb5 32. Rc1 Ne6 33. Qc8+ Qxc8 34. Rxc8+ Kf7 35. Nh8+ Bxh8 36. Rxh8 Ng8 37. Rh7+ Ng7 38. Na5 Bd7 39. Nb7 Be6 40. Nd8+ Kg6 41. Rxg7+ Kxg7 42. Nxe6+ Kf6 43. Nc7 Ne7 44. Kf1 h5 45. h3 Nc6 46. Ke2 Nd8 47. Kd3 Nf7 48. Kc4 Nh6 49. Kd5 Nf7 50. Ne8+ Ke7 51. Nxd6 1-0


[Site "https://www.chess.com"]

[Event "Titled Tuesday Blitz March 21 Late 2023"]
[White "Mendez Fortes, Eduardo Jesus"]
[Black "Santos Ruiz, Miguel"]
[WhiteFideId "3502376"]
[BlackFideId "22291482"]
[WhiteElo "2307"]
[BlackElo "2504"]
[Result "0-1"]
[Round "06"]
[TimeControl "180+2"]
[Date "2023.03.21"]
[WhiteClock "0:00:10"]
[BlackClock "0:00:23"]

1. e4 c5 2. Nf3 e6 3. d4 cxd4 4. Nxd4 Nc6 5. Nc3 Qc7 6. Be3 a6 7. Qd2 Be7 8. O-O-O b5 9. f4 Bb7 10. e5 Nh6 11. Nxc6 Bxc6 12. Bd3 Qb7 13. Rhg1 b4 14. Ne2 Ng4 15. Nd4 Bd5 16. h3 Nxe3 17. Qxe3 Bc5 18. Be2 Qb6 19. Bf3 Bxf3 20. Qxf3 Rc8 21. Qe4 O-O 22. Rge1 a5 23. Nb3 Bf2 24. Re2 a4 25. Nd4 Bh4 26. Nf3 Bg3 27. Rxd7 b3 28. axb3 axb3 29. Kb1 Qb5 30. Rdd2 bxc2+ 31. Rxc2 Ra8 32. Ng5 g6 33. Qc4 Qa5 34. Rc3 Qa1+ 35. Kc2 Ra2 36. Qb4 Bxf4 37. Nf3 Qc1+ 38. Kd3 Rd8+ 39. Ke4 Qd1 0-1


[Site "https://www.chess.com"]

[Event "Titled Tuesday Blitz March 21 Late 2023"]
[White "Aldokhin, Ivan"]
[Black "TimGrutter03"]
[WhiteFideId "24115720"]
[WhiteElo "2322"]
[BlackElo "2550"]
[Result "0-1"]
[Round "06"]
[TimeControl "180+2"]
[Date "2023.03.21"]
[WhiteClock "0:00:04"]
[BlackClock "0:00:03"]

1. e4 g6 2. d4 Bg7 3. Nc3 d6 4. Bg5 Nc6 5. d5 Nd4 6. Nf3 Bg4 7. Be3 Bxf3 8. gxf3 c5 9. Bg2 b5 10. O-O a6 11. a4 b4 12. Nb1 b3 13. Bxd4 bxc2 14. Bxg7 cxd1=Q 15. Rxd1 f6 16. Bxh8 Kf8 17. Bh3 Nh6 18. e5 Nf7 19. e6 Nxh8 20. Nd2 g5 21. Nc4 Ng6 22. a5 Ne5 23. Nb6 Rb8 24. Bf1 Nxf3+ 25. Kg2 Nh4+ 26. Kg1 Rxb6 27. axb6 Qxb6 28. Rxa6 Qb3 29. Rd3 Nf3+ 30. Kh1 Qc4 31. Ra8+ Kg7 32. Ra7 Ne1 33. Rxe7+ Kg6 34. Re8 Nxd3 35. Rg8+ Kh6 36. e7 Qe4+ 37. Kg1 Qxe7 38. Bxd3 Qe1+ 39. Bf1 Qe4 40. Rd8 Qxd5 41. Rd7 Qe5 42. Bd3 f5 43. Kg2 g4 44. Ra7 Qd5+ 45. Kg1 Qxd3 46. Rb7 Kg5 47. Rg7+ Kf4 48. Re7 Qd1+ 49. Kg2 Qf3+ 50. Kg1 Qd1+ 51. Kg2 Qd5+ 52. Kg1 h5 53. Re8 h4 54. Kf1 Qd1+ 55. Re1 Qd3+ 56. Re2 Kf3 57. Kg1 Qd1+ 0-1


[Site "https://www.chess.com"]

[Event "Titled Tuesday Blitz March 21 Late 2023"]
[White "Petukhov, Dmitry"]
[Black "EREBUNI91"]
[WhiteFideId "4142748"]
[WhiteElo "2311"]
[BlackElo "2716"]
[Result "0-1"]
[Round "06"]
[TimeControl "180+2"]
[Date "2023.03.21"]
[WhiteClock "0:00:23"]
[BlackClock "0:00:06"]

1. e4 c5 2. c3 Nf6 3. e5 Nd5 4. d4 cxd4 5. Nf3 Nc6 6. Bc4 Nb6 7. Bb3 d5 8. exd6 Qxd6 9. O-O Bg4 10. Bxf7+ Kd8 11. h3 Bxf3 12. Qxf3 Ne5 13. Qf4 g5 14. Qf5 Qf6 15. Be6 Qxf5 16. Bxf5 h6 17. Rd1 Nc6 18. cxd4 Bg7 19. Nc3 Rf8 20. g4 a6 21. f4 gxf4 22. Bxf4 e6 23. Be5 exf5 24. Bxg7 Rg8 25. Bxh6 fxg4 26. h4 Kc7 27. Bf4+ Kd7 28. Ne4 Nd5 29. Nc5+ Kc8 30. Bg5 b6 31. Ne4 Kd7 32. Nc3 Nxc3 33. bxc3 Raf8 34. Rf1 b5 35. a3 Re8 36. Rf7+ Kd6 37. Raf1 Rg6 38. R1f6+ Rxf6 39. Rxf6+ Kd5 40. Rf5+ Ke4 41. Rc5 Kf3 42. Bd2 Na5 43. Rf5+ Kg3 44. Re5 Rxe5 45. dxe5 Kxh4 46. e6 Nc6 47. Bf4 Kh5 48. Kg2 Kg6 49. Kg3 Kf5 50. Be3 Kxe6 51. Kxg4 Kd5 52. Kf5 Kc4 53. Ke6 Kxc3 54. Kd6 Na5 55. Kc7 Nc4 56. Bc1 Kc2 57. Bf4 Nxa3 58. Kb6 b4 59. Bd6 Nc4+ 60. Kc5 b3 0-1


[Site "https://www.chess.com"]

[Event "Titled Tuesday Blitz March 21 Late 2023"]
[White "Manukyan, Sargis V."]
[Black "Gadimbayli, Abdulla"]
[WhiteFideId "13303465"]
[BlackFideId "13404938"]
[WhiteElo "2236"]
[BlackElo "2390"]
[Result "1-0"]
[Round "06"]
[TimeControl "180+2"]
[Date "2023.03.21"]
[WhiteClock "0:02:13"]
[BlackClock "0:02:16"]

1. d4 d5 2. c4 e5 3. dxe5 d4 4. Nf3 Nc6 5. a3 Nge7 6. Nbd2 Ng6 7. Nb3 Ngxe5 8. Nxe5 Nxe5 9. Qxd4 Qxd4 10. Nxd4 Nxc4 11. e3 Nd6 12. b4 Bd7 13. Bb2 a5 14. b5 Be7 15. Rc1 O-O-O 16. b6 c6 17. Nb3 Nb5 18. Bxb5 1-0


[Site "https://www.chess.com"]

[Event "Titled Tuesday Blitz March 21 Late 2023"]
[White "The_Sherman_Variation"]
[Black "Maatman, Nick"]
[BlackFideId "1040391"]
[WhiteElo "2544"]
[BlackElo "2705"]
[Result "1-0"]
[Round "06"]
[TimeControl "180+2"]
[Date "2023.03.21"]
[WhiteClock "0:00:17"]
[BlackClock "0:00:02"]

1. b3 e5 2. Bb2 Nc6 3. e3 d5 4. Be2 Bd6 5. Nf3 Nf6 6. d4 exd4 7. Nxd4 O-O 8. Nxc6 bxc6 9. Bf3 a5 10. a4 Ba6 11. Be2 Bb4+ 12. c3 Bd6 13. O-O Bxe2 14. Qxe2 Rb8 15. Nd2 Qe7 16. c4 Ne4 17. Qg4 f5 18. Qe2 Kh8 19. Rab1 Rfe8 20. Ba1 f4 21. Nxe4 Qxe4 22. Qg4 Re7 23. exf4 Bxf4 24. h3 Bd2 25. cxd5 cxd5 26. Qg3 Bb4 27. Rbd1 Bd6 28. Qg5 c6 29. Rd4 Qe2 30. Rh4 Rbe8 31. g3 Rf7 32. Qg6 Kg8 33. Rxh7 Bf8 34. g4 1-0


[Site "https://www.chess.com"]

[Event "Titled Tuesday Blitz March 21 Late 2023"]
[White "Martinez Reyes, Pedro Ramon"]
[Black "Janaszak, Dawid"]
[WhiteFideId "3901807"]
[BlackFideId "1119206"]
[WhiteElo "2340"]
[BlackElo "2220"]
[Result "0-1"]
[Round "06"]
[TimeControl "180+2"]
[Date "2023.03.21"]
[WhiteClock "0:00:19"]
[BlackClock "0:00:25"]

1. e4 c5 2. Nf3 Nc6 3. d4 cxd4 4. Nxd4 e5 5. Nb5 d6 6. c4 g6 7. N5c3 Nf6 8. Be2 Bg7 9. Be3 O-O 10. O-O Be6 11. Nd2 Rc8 12. Rc1 a6 13. b3 Nd4 14. Bd3 Ng4 15. Bxd4 exd4 16. Nd5 Ne5 17. Bb1 Bg4 18. f3 Be6 19. f4 Nc6 20. Nf3 Bg4 21. Kh1 Ne7 22. f5 Nxd5 23. exd5 b5 24. h3 Bxf3 25. Qxf3 bxc4 26. Rxc4 Rxc4 27. bxc4 Be5 28. Bd3 Qg5 29. Rb1 a5 30. Rf1 a4 31. Re1 a3 32. Rf1 Qe3 33. Rb1 Qd2 34. Qe2 Qf4 35. g4 Qg3 36. Be4 Qxh3+ 37. Kg1 Bf4 38. Bg2 Be3+ 39. Kf1 Qh2 40. Qf2 Bxf2 41. Kxf2 Qf4+ 42. Kg1 Qe3+ 43. Kh1 d3 44. fxg6 0-1


[Site "https://www.chess.com"]

[Event "Titled Tuesday Blitz March 21 Late 2023"]
[White "Martynov, Pavel"]
[Black "Goncalves, Davi Sulzbacher"]
[WhiteFideId "4101260"]
[BlackFideId "2154510"]
[WhiteElo "2314"]
[BlackElo "2182"]
[Result "1-0"]
[Round "06"]
[TimeControl "180+2"]
[Date "2023.03.21"]
[WhiteClock "0:00:58"]
[BlackClock "0:00:02"]

1. e4 c5 2. Nf3 d6 3. Bb5+ Nd7 4. O-O a6 5. Bxd7+ Bxd7 6. c3 Nf6 7. Re1 e6 8. d4 cxd4 9. cxd4 Be7 10. Nc3 O-O 11. h3 b5 12. a3 Qc7 13. Bf4 Qb7 14. Rc1 b4 15. Qb3 Rab8 16. axb4 Qxb4 17. Qxb4 Rxb4 18. Ra1 Ra8 19. Ra2 Kf8 20. Rea1 Rb6 21. e5 Ne8 22. d5 Rb4 23. Bg3 Bb5 24. dxe6 fxe6 25. Nxb5 Rxb5 26. Rxa6 Rxa6 27. Rxa6 dxe5 28. Rxe6 Bf6 29. Rc6 e4 30. Nd2 e3 31. fxe3 Rxb2 32. Ne4 h6 33. Kh2 Re2 34. Bf4 Kf7 35. Ng3 Re1 36. e4 Bh4 37. Rc4 Nf6 38. Nf5 Bf2 39. Rc7+ Kf8 40. Bd6+ Kg8 41. Rxg7+ Kh8 42. Be5 Bg1+ 43. Kg3 Nxe4+ 44. Kh4 Bf2+ 45. Kh5 Ng5 46. Re7+ Kg8 47. Nxh6+ Kf8 48. Bd6 Rxe7 49. Kxg5 Be3+ 50. Kg6 Ke8 51. Bxe7 Bxh6 52. Kxh6 Kf7 53. Kh7 Kxe7 54. h4 1-0


[Site "https://www.chess.com"]

[Event "Titled Tuesday Blitz March 21 Late 2023"]
[White "Do Valle Cardoso, Lucas"]
[Black "angelgab3"]
[WhiteFideId "2163144"]
[WhiteElo "2383"]
[BlackElo "2528"]
[Result "1/2-1/2"]
[Round "06"]
[TimeControl "180+2"]
[Date "2023.03.21"]
[WhiteClock "0:00:07"]
[BlackClock "0:00:37"]

1. e4 e5 2. Nf3 Nc6 3. d4 exd4 4. Bc4 Nf6 5. e5 d5 6. Bb5 Ne4 7. Nxd4 Bd7 8. Bxc6 bxc6 9. O-O Bc5 10. f3 Ng5 11. f4 Ne4 12. Be3 O-O 13. Nd2 Nxd2 14. Qxd2 Bb6 15. a4 a5 16. Nb3 Re8 17. Rae1 Bf5 18. Qc3 Qd7 19. Nd4 Be4 20. Qxc6 Qxc6 21. Nxc6 Bxc2 22. Bxb6 cxb6 23. Ra1 Rac8 24. Nd4 Be4 25. Rfc1 Rc5 26. Nb3 Rc4 27. Rxc4 dxc4 28. Nd2 Bd5 29. Rc1 f6 30. Nxc4 Rc8 31. b3 fxe5 32. fxe5 Rc5 33. Kf2 Bxc4 34. Rxc4 Rxe5 35. Rc6 b5 36. Ra6 bxa4 37. bxa4 Rc5 38. h3 h5 39. Kg3 Kh7 40. Kh2 g6 41. Kg3 Kh6 42. Kf3 Rf5+ 43. Ke3 Rg5 44. Kf2 Rf5+ 45. Kg1 Kg5 46. g3 Rc5 47. h4+ Kf5 48. Kg2 Rc2+ 49. Kh3 Rc5 50. Rb6 Rd5 51. Ra6 Rc5 52. Kg2 Rc2+ 53. Kf3 Rc5 54. Kf2 Rc2+ 55. Ke3 Rc3+ 56. Kf2 Rc2+ 57. Kf1 Rc1+ 58. Kg2 Rc2+ 1/2-1/2


[Site "https://www.chess.com"]